AoeStats
← JRazzz

Nomad

503231077Analyzed
2v2 RM · 1mo ago on Aug 30, 2026· 47m 56s· 4 players
Game mode
Random Map
Map size
176×176
Population
200
Speed
Normal
Resources
Standard
Victory
Conquest
Starting age
Dark Age
Ending age
Imperial Age
RankedLock teamsTeams togetherTeam positionsShared explorationLock speedFull tech treeHidden civsTurbo modeCheats
Victory
Defeat
🇹🇷 Italians · Türkiye
1424
+15
🇹🇷 Armenians · Türkiye
1374
+18
🇬🇧 Persians · United Kingdom
1432
-18
🇬🇧 Wei · United Kingdom
1391
-16
CapmaD
4:29 Loom
12:58 Feudal Age
15:16 Double-Bit Axe
18:08 Castle Age
16:30 Fishing Lines
19:28 Bow Saw
21:09 Gillnets
21:59 Scale Mail Armor
22:10 Forging
22:10 Horse Collar
23:14 Wheelbarrow
22:28 Town Watch
23:20 Man-at-Arms
24:08 Gambesons
24:23 Squires
24:18 Long Swordsman
25:15 Chain Mail Armor
25:36 Iron Casting
25:06 Two-Handed Swordsman
26:24 Gold Mining
31:53 Imperial Age
33:03 Conscription
34:13 Plate Mail Armor
34:14 Pikeman
37:28 Halberdier
38:19 Stone Mining
39:52 Heavy Plow
39:54 Arson
41:45 Blast Furnace
40:36 Fletching
41:38 Champion
42:21 Capped Ram
43:56 Fereters
hkn4088
4:51 Loom
15:19 Feudal Age
19:41 Castle Age
18:07 Stone Mining
18:20 Double-Bit Axe
32:05 Fletching
32:15 Padded Archer Armor
33:00 Padded Archer Armor
34:14 Horse Collar
34:33 Gold Mining
35:55 Wheelbarrow
35:54 Bodkin Arrow
37:14 Ballistics
38:06 Leather Archer Armor
38:13 Town Watch
38:55 Scale Barding Armor
39:01 Forging
38:55 Heavy Plow
39:07 Bow Saw
42:59 Imperial Age
41:53 Husbandry
42:04 Bloodlines
42:49 Chain Barding Armor
42:32 Light Cavalry
44:24 Hand Cart
47:53 Crop Rotation
46:50 Crossbowman
47:36 Thumb Ring
Vetinari
3:19 Loom
13:21 Feudal Age
15:44 Double-Bit Axe
18:03 Castle Age
16:13 Fletching
17:07 Town Watch
17:27 Gold Mining
19:19 Bow Saw
20:07 Gold Shaft Mining
21:23 Medium Warships
21:19 Fishing Lines
23:22 Gillnets
24:56 Horse Collar
28:09 Scale Barding Armor
30:35 Wheelbarrow
32:58 Imperial Age
30:56 Bodkin Arrow
33:01 Hand Cart
34:42 Bloodlines
34:55 Conscription
37:57 Kamandaran
38:03 Padded Archer Armor
38:04 Crossbowman
39:51 Chemistry
40:35 Leather Archer Armor
41:55 Ballistics
44:20 Citadels
45:37 Ring Archer Armor
47:20 Thumb Ring
JRazzz
5:50 Loom
14:34 Feudal Age
18:30 Castle Age
16:57 Double-Bit Axe
17:24 Fishing Lines
18:01 Fletching
18:22 Town Watch
20:01 Bow Saw
19:56 Bodkin Arrow
21:48 Gold Mining
22:57 Gillnets
26:27 Scale Barding Armor
26:33 Horse Collar
28:19 Forging
30:55 Iron Casting
30:37 Bloodlines
30:35 Husbandry
32:01 Chain Barding Armor
39:46 Imperial Age
38:52 Thumb Ring
40:41 Bracer
42:05 Ballistics
Connection lost

Rejoining the realm…

Still unreachable

The connection could not be restored.

Session expired

The server has moved on; the page needs a fresh start.